 Dungeon Crawl Stone Soup version 0.28-a0-1152-g9c71ebef14 (webtiles) character file.

Game seed: 6809110899499332083

459 olmar the Cudgeller (level 7, -2/44 HPs)
             Began as a Gargoyle Fighter on Dec 11, 2021.
             Slain by a yak zombie (7 damage)
             ... animated by the malice of Kikubaaqudgha
             ... on level 3 of the Dungeon on Dec 14, 2021.
             The game lasted 00:04:55 (3129 turns).

olmar the Cudgeller (Gargoyle Fighter)              Turns: 3129, Time: 00:04:56

Health: -2/44      AC: 14    Str: 21    XL:     7   Next: 6%
Magic:  7/7        EV:  7    Int:  9    God:
Gold:   124        SH:  4    Dex:  9    Spells: 6/6 levels left

rFire   . . .      SeeInvis .   a - +0 flail
rCold   . . .      Faith    .   c - +0 buckler
rNeg    + . .      Spirit   .   f - +0 chain mail
rPois   ∞          Reflect  .   (no helmet)
rElec   +          Harm     .   (no cloak)
rCorr   .          Rampage  .   (no gloves)
Will    .....                   (no boots)
Stlth   ..........              (no amulet)
HPRegen 0.14/turn               (no ring)
MPRegen 0.10/turn               (no ring)

@: no status effects
A: sickness immunity, AC +4, negative energy resistance 1, electricity
resistance, torment resistance 1, petrification resistance
a: no special abilities


You were on level 3 of the Dungeon.
You visited 1 branch of the dungeon, and saw 3 of its levels.

You collected 124 gold pieces.

Inventory:

Hand Weapons
 a - a +0 flail (weapon)
Missiles
 h - 3 throwing nets (quivered)
Armour
 b - a +0 scale mail
 c - a +0 buckler (worn)
 f - a +0 chain mail (worn)
Scrolls
 e - 3 scrolls of teleportation {unknown}
 i - 3 scrolls of immolation {unknown}
 j - a scroll of fear {unknown}
 k - 2 scrolls of identify {unknown}
Potions
 g - a potion of magic {unknown}


   Skills:
 + Level 4.6 Fighting
 + Level 5.4 Maces & Flails
 + Level 4.5 Armour
 - Level 0.2 Dodging
 + Level 4.2 Shields


You had 6 spell levels left.
You didn't know any spells.
Your spell library contained the following spells:

 Spells                   Type           Power      Damage    Failure   Level
 Animate Skeleton         Necr           0%         N/A       98%         1
 Pain                     Necr           0%         1d4       98%         1
 Corpse Rot               Necr/Air       0%         N/A       99%         2
 Vampiric Draining        Necr           0%         2d6       100%        3


Dungeon Overview and Level Annotations

Branches:
Dungeon (3/15)

Altars:
Kikubaaqudgha


Innate Abilities, Weirdness & Mutations

You are immune to sickness and miasma.
Your stone body is resilient. (AC +4)
You are immune to poison.
You resist negative energy. (rN+)
You are resistant to electric shocks. (rElec)
You are resistant to unholy torment.
You are immune to petrification.


Message History

You destroy the dart slug zombie!
That felt strangely unrewarding.
Items here: ( ))))) [[[ ††††.
You start resting.
Kikubaaqudgha's malice focuses upon you.
The dead are walking and slithering! 8 zombies come into view.
Unknown command.
You sock the yak zombie!
The yak zombie is lightly damaged.
Unknown command.
You sock the yak zombie!
The yak zombie is moderately damaged.
Unknown command.
You hit the yak zombie.
The yak zombie is moderately damaged.
You feel a little less mighty now. The ogre zombie completely misses you.
The yak zombie gores you.
The orc zombie hits you but does no damage.
The orc warrior zombie hits you.
You hit the yak zombie but do no damage.
The yak zombie is moderately damaged.
The orc warrior zombie hits you.
The orc zombie hits you but does no damage.
You block the yak zombie's attack. The ogre zombie hits you.
Unknown command.
You hit the yak zombie.
The yak zombie is heavily damaged.
The orc zombie barely misses you. The yak zombie gores you.
The orc warrior zombie hits you.
* * * LOW HITPOINT WARNING * * *
You block the ogre zombie's attack.
You sock the yak zombie!
The yak zombie is severely damaged.
The orc zombie hits you with a +0 club.
* * * LOW HITPOINT WARNING * * *
The orc warrior zombie hits you.
* * * LOW HITPOINT WARNING * * *
The yak zombie gores you!
You die...

#.. #.##.#### #####
#.##....# #....
#.##..#.# #[..#
#####.##>.#.# #...#
#.........#.######...#
#. #>Z...............)
#.##ZZ#...#.######...#
#..ZZ@#...#.# #...#
#..##Z###.#.# #...#
#..##Z# #.#.# #####
#..<#Z# #.#.#
##o##.###.#.#
#o##.....#+###
.o.####......#
......)......#
...####......#


You could see a yak zombie, a worm zombie, a gnoll sergeant zombie, 3 orc
zombies, an orc warrior zombie and an ogre zombie.

Vanquished Creatures
  Grinder (D:3)
  A scorpion (D:3)
  A centaur skeleton (D:1)
  An orc priest (D:3)
  A bullfrog skeleton (D:1)
  A hound zombie (D:1)
  4 gnolls
  3 adders
  3 adder zombies
  An adder skeleton (D:1)
  4 worms
  A dart slug (D:1)
  11 orcs (D:3)
  A ball python (D:1)
  8 bats
  2 bat zombies
  7 endoplasms
  A giant cockroach (D:3)
  6 goblins
  8 hobgoblins
  4 jackals (D:1)
  4 kobolds
  4 quokkas
  2 ball python skeletons (D:1)
  A ball python zombie (D:1)
  A dart slug zombie (D:3)
  18 frilled lizards
  6 frilled lizard zombies
  A giant cockroach zombie (D:3)
  A goblin skeleton (D:1)
  2 goblin zombies (D:3)
  A hobgoblin zombie (D:1)
  A kobold zombie (D:1)
  An orc zombie (D:3)
  3 rats
  A rat skeleton (D:1)
117 creatures vanquished.

Notes
Turn   | Place    | Note
-------+----------+-------------------------------------------
     0 | D:1      | olmar the Gargoyle Fighter began the quest for the Orb.
     0 | D:1      | Reached XP level 1. HP: 14/14 MP: 1/1
   207 | D:1      | Reached XP level 2. HP: 13/19 MP: 2/2
   492 | D:1      | Found a faded altar of an unknown god.
   512 | D:1      | Prayed at the altar of an unknown god.
   512 | D:1      | Became a worshipper of Kikubaaqudgha
   512 | D:1      | Reached * piety under Kikubaaqudgha
   512 | D:1      | Received a gift from Kikubaaqudgha
   522 | D:1      | Fell from the grace of Kikubaaqudgha
   675 | D:1      | Reached XP level 3. HP: 20/23 MP: 3/3
  1601 | D:2      | Reached XP level 4. HP: 24/29 MP: 4/4
  1645 | D:1      | Reached skill level 3 in Maces & Flails
  2162 | D:2      | Reached XP level 5. HP: 22/33 MP: 5/5
  2425 | D:3      | Upgraded the game from 0.28-a0-1117-g0bdd5ba030 to
                  | 0.28-a0-1152-g9c71ebef14
  2462 | D:3      | Noticed Grinder
  2462 | D:3      | Paralysed by Grinder for 4 turns
  2486 | D:3      | Killed Grinder
  2487 | D:3      | Reached skill level 4 in Maces & Flails
  2487 | D:3      | Reached XP level 6. HP: 21/39 MP: 6/6
  2503 | D:3      | Reached skill level 5 in Maces & Flails
  3067 | D:3      | Reached XP level 7. HP: 18/44 MP: 7/7
  3129 | D:3      | Slain by a yak zombie

Illustrated notes

Levels and vault maps discovered:
D:1:      mrwooster_arrival_statue_2, layout_basic,
          hellmonk_ecumenical_altar_pennies_from_heaven, minmay_lizard_pond
D:2:      layout_rooms
D:3:      layout_basic, interstate_on_off, uniq_grinder

Skill      XL: |  1  2  3  4  5  6 |
---------------+-------------------+-----
Maces & Flails | 3 4 5 |  5.4
Shields        | 4 |  4.2
Armour         | 4 |  4.5
Fighting       | 4 |  4.6
Dodging        | |  0.2

Action                   |  1- 3 |  4- 6 |  7- 9 || total
-------------------------+-------+-------+-------++-------
Melee: Flail             |   245 |   201 |    11 ||   457
Invok: Renounce Religion |     1 |       |       ||     1
  Use: Potion            |     1 |     2 |       ||     3
 Stab: Distracted        |       |     1 |       ||     1
Armor: Scale mail        |    67 |       |       ||    67
       Chain mail        |    99 |   100 |     3 ||   202
Dodge: Dodged            |   120 |    55 |     2 ||   177
Block: Buckler           |    66 |    34 |     2 ||   102

Table legend: (Time is in decaauts)
 A = Elapsed time spent in this place.
 B = Non-inter-level travel time spent in this place.
 C = Inter-level travel time spent in this place.
 D = Time resting spent in this place.
 E = Time spent auto-exploring this place.
 F = Levels seen in this place.
 G = Mean time per level.
                   A        B        C        D        E       F      G
               +--------+--------+--------+--------+--------+-----+--------+
         Total |   3228 |   3072 |    156 |    565 |   1618 |   3 | 1076.0 |
       Dungeon |   3228 |   3072 |    156 |    565 |   1618 |   3 | 1076.0 |
               +--------+--------+--------+--------+--------+-----+--------+

Top non-repeatable levels by time:
     D:1: 1791 daAuts
     D:3: 746 daAuts
     D:2: 691 daAuts
